 Dungeon Crawl Stone Soup version 0.19-a0-288-g67c72eb (webtiles) character file.

7883 Enish the Slicer (level 11, -7/62 HPs)
             Began as a Kobold Wanderer on May 27, 2016.
             Was a Follower of Ukayaw.
             Mangled by a stone giant (36 damage)
             ... on level 1 of the Orcish Mines.
             The game lasted 00:39:03 (15182 turns).

Enish the Slicer (Kobold Wanderer)                 Turns: 15182, Time: 00:39:04

Health: -7/62      AC:  6    Str: 21    XL:     11   Next: 45%
Magic:  18/18      EV: 19    Int:  7    God:    Ukayaw [*.....]
Gold:   575        SH:  0    Dex: 15    Spells: 0 memorised, 10 levels left

rFire  + . .     SeeInvis +     A - +12 quarterstaff "Giantbane" {freeze, rPois Str+3 SInv}
rCold  . . .     Gourm    .     G - +1 robe {MR+}
rNeg   . . .     Faith    .     (shield currently unavailable)
rPois  +         Spirit   .     (no helmet)
rElec  .         Dismiss  .     f - +0 cloak
rCorr  .         Reflect  .     (no gloves)
SustAt .         Harm     .     h - +1 pair of boots
MR     +....                    (no amulet)
Stlth  ++++......               o - ring of protection from fire
                                b - ring of flight

@: very slightly contaminated, hasted, drained, very quick, somewhat resistant
to hostile enchantments, stealthy
A: carnivore 3
a: Stomp, Renounce Religion, Evoke Flight


You were on level 1 of the Orcish Mines.
You worshipped Ukayaw.
Ukayaw was aware of your devotion.
You were very full.

You visited 3 branches of the dungeon, and saw 12 of its levels.

You collected 791 gold pieces.
You spent 216 gold pieces at shops.

Inventory:

Hand Weapons
 a - a +2 dagger
 d - a +0 hand crossbow
 l - the +8 dagger "Xitum" {pain, MR++ Str+2 Int-5 Dex-5}
   (You found it on level 8 of the Dungeon)

   In the hands of one skilled in necromantic magic, it inflicts extra damage on
   living creatures.
   It affects your strength (+2).
   It affects your intelligence (-5).
   It affects your dexterity (-5).
   It affects your resistance to hostile enchantments.
 y - a +2 vampiric short sword
 A - the +12 quarterstaff "Giantbane" (weapon) {freeze, rPois Str+3 SInv}
   (You bought it in a shop on level 7 of the Dungeon)

   It has been specially enchanted to freeze those struck by it, causing extra
   injury to most foes and up to half again as much damage against particularly
   susceptible opponents.
   It can also slow down cold-blooded creatures.
   It affects your strength (+3).
   It protects you from poison.
   It lets you see invisible.
Missiles
 e - 54 bolts
 H - a throwing net (quivered)
Armour
 f - a +0 cloak (worn)
 h - a +1 pair of boots (worn)
 G - a +1 robe of magic resistance (worn)
Jewellery
 b - a ring of flight (left hand)
 o - a ring of protection from fire (right hand)
 t - an uncursed amulet of dismissal
 M - an uncursed ring of protection from magic {unknown}
Wands
 s - a wand of iceblast (0/15)
 u - a wand of teleportation (3/9)
 x - a wand of iceblast (6/15)
 D - a wand of polymorph (13/24)
 I - a wand of acid (6/15)
 L - a wand of polymorph (10/24)
 N - a wand of acid (4/15)
Scrolls
 m - 2 scrolls of immolation
 w - 4 scrolls of remove curse
 B - a scroll of teleportation
 C - a scroll of amnesia
 F - 2 scrolls of magic mapping
 J - a scroll of blinking
Potions
 c - 2 potions of curing
 i - 2 potions of haste
 j - a potion of flight
 n - a potion of heal wounds
 p - 2 potions of might
 q - a potion of brilliance {unknown}
 r - 2 potions of cancellation
 v - a potion of lignification {unknown}
 O - a potion of mutation {unknown}
Books
 E - a book of Transfigurations

   Spells                             Type                      Level
   a - Irradiate                      Conjuration/Transmutation    5
   b - Statue Form                    Transmutation/Earth          6
   c - Hydra Form                     Transmutation                6
   d - Dragon Form                    Transmutation                7
Miscellaneous
 K - a fan of gales
Comestibles
 g - 5 meat rations
 k - a beef jerky
 z - a royal jelly


   Skills:
 - Level 4.3(4.2) Fighting
 - Level 13.1(12.9) Short Blades
 * Level 6.0(5.8) Staves
 - Level 1.2(1.0) Crossbows
 - Level 1.5(1.4) Armour
 - Level 8.0(7.9) Dodging
 - Level 6.0(5.8) Stealth
   Level 1.0(0.8) Shields
 - Level 9.3(9.1) Invocations


You had 10 spell levels left.
You didn't know any spells.

Dungeon Overview and Level Annotations

Branches:
Dungeon (9/15)             Temple (1/1) D:5            Lair (0/8) D:8
    Orc (2/2) D:9             Elf (0/3) Orc:2

Altars:
Ashenzari
Dithmenos
Elyvilon
Fedhas
Gozag
Hepliaklqana
Kikubaaqudgha
Makhleb
Nemelex Xobeh
Okawaru
Pakellas
Qazlal
Sif Muna
Trog
Ukayaw
Vehumet
Xom
Yredelemnul
Zin
The Shining One

Shops:
D:7 :*(=*!   D:9 }

Annotations:
D:3 exclusion: downstairs
D:4 jehirs's ghost, amateur TrMo
D:5 exclusion: downstairs


Innate Abilities, Weirdness & Mutations

You are small and have problems with some larger weapons.
You are carnivorous and can eat meat at any time.


Message History

The stone giant throws a large rock.
The large rock hits you!
You see here a large rock.
Drink which item? (? for menu, Esc to quit)
You feel yourself speed up.
You are very lightly contaminated with residual magic.
You sock the stone giant! You freeze the stone giant.
The stone giant is lightly wounded.
You hit the stone giant. You freeze the stone giant.
The stone giant is lightly wounded.
The stone giant hits you!
You hit the stone giant. You freeze the stone giant.
The stone giant is moderately wounded.
The stone giant hits you!
You hit the stone giant but do no damage.
The stone giant is moderately wounded.
You thump the stone giant! You freeze the stone giant.
The stone giant is moderately wounded.
The stone giant hits you!!!
Ouch! That really hurt!
You die...

............[>..................#
..........##..[......#........###
.........[...#).).....#.....#..##
................................#
#...............)..............##
#...............#...(......#..#.#
##.#.............#...#.#.........
##..#...........##..(........##.#
#...............@C..........##.##
##............#.................#
####....#....##........###..#.##
##.......##...#......##...##.
##.....####.#....#.####..##.
#....### ###.....## #..... ##...#
#.....## ##.##. ##.## ##..###
##### ### #....#


You could see a stone giant.

Vanquished Creatures
  Erica (D:8)
  An unseen horror (D:9)
  Pikel (D:9)
  An orc sorcerer (Orc:1)
  Maurice (D:9)
  Joseph (D:8)
  2 two-headed ogres
  2 wraiths (D:8)
  A hungry ghost (D:8)
  A warg (Orc:1)
  A water moccasin (D:5)
  A sky beast (D:6)
  A slave (D:8)
  6 orc warriors
  5 phantoms
  A necrophage (D:6)
  4 ogres
  3 centaurs
  3 giant frogs
  An elf skeleton (D:8)
  A scorpion (D:8)
  8 wights
  5 crimson imps
  A quasit (D:6)
  3 hounds
  2 human zombies (D:8)
  A giant frog skeleton (D:8)
  12 orc priests
  A human skeleton (D:8)
  A jelly (D:7)
  13 orc wizards
  4 iguanas
  8 worker ants
  A killer bee zombie (D:5)
  A hound zombie (D:8)
  An ogre skeleton (D:8)
  2 mummies (D:8)
  2 howler monkey skeletons
  12 adders
  A shadow imp (D:6)
  2 adder zombies
  2 adder skeletons (D:4)
  A worm (D:2)
  2 dart slugs (D:5)
  A giant gecko (D:1)
  71 orcs
  15 bats
  6 giant cockroaches
  3 goblins
  10 hobgoblins
  11 jackals
  5 kobolds
  4 quokkas
  3 ball pythons
  A giant gecko skeleton (D:8)
  6 giant newts
  An orc zombie (D:8)
  A quokka zombie (D:5)
  6 rats
269 creatures vanquished.

Vanquished Creatures (others)
  A giant frog (D:9)
  An orc wizard (D:9)
  5 orcs (D:9)
7 creatures vanquished.

Grand Total: 276 creatures vanquished

Notes
Turn   | Place    | Note
--------------------------------------------------------------
     0 | D:1      | Enish the Kobold Wanderer began the quest for the Orb.
     0 | D:1      | Enish set off with: a +2 dagger, a potion of haste, a potion of curing, a +0 hand crossbow, 21 bolts, a +0 robe, a meat ration
     0 | D:1      | Reached XP level 1. HP: 16/16 MP: 1/1
    16 | D:1      | Reached skill level 1 in Short Blades
   346 | D:1      | Reached skill level 2 in Short Blades
   346 | D:1      | Reached XP level 2. HP: 20/20 MP: 2/2
   717 | D:1      | Reached skill level 3 in Short Blades
   857 | D:1      | Reached XP level 3. HP: 22/24 MP: 3/3
  1102 | D:2      | Found a sparkling altar of Nemelex Xobeh.
  1362 | D:2      | Reached skill level 4 in Short Blades
  1407 | D:2      | Reached XP level 4. HP: 20/30 MP: 4/4
  1954 | D:3      | Reached skill level 5 in Short Blades
  2447 | D:3      | Reached XP level 5. HP: 7/34 MP: 5/5
  2966 | D:3      | Reached skill level 6 in Short Blades
  2982 | D:3      | Found an oddly glowing altar of Pakellas.
  3449 | D:4      | Found an iron altar of Okawaru.
  3886 | D:4      | Reached skill level 7 in Short Blades
  3886 | D:4      | Reached XP level 6. HP: 30/39 MP: 6/6
  4730 | D:4      | Reached skill level 8 in Short Blades
  4819 | D:4      | Noticed a phantom
  4867 | D:4      | Noticed jehirs's ghost (amateur TrMo)
  4868 | D:4      | Killed a phantom
  4868 | D:4      | Reached XP level 7. HP: 15/44 MP: 7/7
  4873 | D:5      | Entered Level 5 of the Dungeon
  5099 | D:5      | Found a staircase to the Ecumenical Temple.
  5109 | Temple   | Entered the Ecumenical Temple
  5117 | Temple   | Became a worshipper of Ukayaw the Reveler
  5139 | D:5      | Reached * piety under Ukayaw
  5145 | D:5      | Reached ** piety under Ukayaw
  5147 | D:5      | Reached skill level 9 in Short Blades
  5793 | D:5      | Noticed a water moccasin
  5804 | D:5      | Killed a water moccasin
  5820 | D:5      | Reached skill level 10 in Short Blades
  6744 | D:4      | Reached XP level 8. HP: 48/48 MP: 8/8
  7320 | D:5      | Found a shimmering altar of Xom.
  7461 | D:5      | Reached skill level 1 in Invocations
  7730 | D:6      | Noticed a two-headed ogre
  8089 | D:6      | Reached *** piety under Ukayaw
  8090 | D:6      | Killed a two-headed ogre
  8090 | D:6      | Reached skill level 5 in Stealth
  8091 | D:6      | Reached XP level 9. HP: 11/52 MP: 7/12
  8696 | D:6      | Reached skill level 5 in Invocations
  9004 | D:6      | Found a radiant altar of Vehumet.
  9951 | D:7      | Reached skill level 5 in Dodging
 10013 | D:7      | Found a deep blue altar of Sif Muna.
 10413 | D:7      | Found Elaumy's Antique Weapon Emporium.
 10418 | D:7      | Bought a faintly glowing quarterstaff for 216 gold pieces
 10419 | D:7      | Identified the +12 quarterstaff "Giantbane" {freeze, rPois Str+3 SInv} (You bought it in a shop on level 7 of the Dungeon)
 10479 | D:7      | Found Ikhiluveu's Elemental Accessories.
 10554 | D:7      | Found Kefuh's Jewellery Emporium.
 10621 | D:7      | Found Buoci's Book Shoppe.
 10668 | D:7      | Found Makoumm's General Store.
 10731 | D:7      | Found Mujagaj's Distillery.
 10895 | D:8      | Noticed Joseph
 10934 | D:8      | Killed Joseph
 10934 | D:8      | Reached skill level 11 in Short Blades
 11151 | D:8      | Noticed Erica
 11165 | D:8      | Killed Erica
 11165 | D:8      | Reached skill level 13 in Short Blades
 11165 | D:8      | Reached XP level 10. HP: 58/58 MP: 15/15
 11341 | D:8      | Found a staircase to the Lair.
 11694 | D:8      | Got a brightly glowing dagger
 11695 | D:8      | Identified the +8 dagger "Xitum" {pain, MR++ Str+2 Int-5 Dex-5} (You found it on level 8 of the Dungeon)
 11722 | D:8      | Found an ancient bone altar of Kikubaaqudgha.
 11762 | D:8      | Reached **** piety under Ukayaw
 12800 | D:9      | Noticed Pikel
 12885 | D:9      | Noticed an unseen horror
 12897 | D:9      | Killed an unseen horror
 13033 | D:9      | Killed Pikel
 13033 | D:9      | Reached XP level 11. HP: 52/62 MP: 13/18
 13044 | D:9      | Noticed Maurice
 13092 | D:9      | Reached skill level 1 in Staves
 13101 | D:9      | Found Ostiesor's Gadget Shop.
 13772 | D:9      | Killed Maurice
 13864 | D:9      | Found a staircase to the Orcish Mines.
 14014 | Orc:1    | Entered Level 1 of the Orcish Mines
 14026 | Orc:1    | Reached skill level 5 in Staves
 14230 | Orc:2    | Entered Level 2 of the Orcish Mines
 14230 | Orc:2    | Found a staircase to the Elven Halls.
 14316 | Orc:1    | Noticed an orc sorcerer
 14327 | Orc:1    | Killed an orc sorcerer
 14627 | Orc:1    | Noticed an orc knight
 14890 | Orc:1    | Noticed an orc knight
 14938 | Orc:1    | Noticed a stone giant
 15182 | Orc:1    | Mangled by a stone giant

Vault maps used:
D:1:      dpeg_arrival_short_road, minivault_25
D:2:      nemelex_deck, minmay_misc_feat_encased
D:3:      marbit_many_paths
D:4:      okawaru_metal_pillars_1_2, grunt_ministairs_4, minivault_1
D:5:      temple_pool_b, first_bread, tgw_xom
D:6:      lemuel_round_altar
D:7:      lemuel_ratsnest, nicolae_overflow_crystal_walls, serial_shops, shop,
          nicolae_shop_crystal, shop_statue, nicolae_shop_trees,
          kennysheep_little_box, nicolae_elemental_shop
D:8:      lemuel_mausoleum_altar_kikubaaqudgha, lair_0_dummy, uniq_joseph,
          uniq_erica
D:9:      hiddenorc2_lemuel, serial_shops, shop, serial_bayou_pond_b,
          uniq_pikel, uniq_maurice, uniq_grum
Temple:   nicolae_temple_x_marks_the_god_16
Orc:1:    basic_altar
Orc:2:    pf_orc_diabolical, nicolae_orc_crystal_geode

Skill      XL: |  1  2  3  4  5  6  7  8  9 10 11 |
---------------+----------------------------------+-----
Short Blades   | 2 3 4 5 7 8 10 13 | 13.1
Dodging        | 3 4 5 8 |  8.0
Stealth        | 5 6 |  6.0
Invocations    | 4 7 9 |  9.3
Staves         | 6 |  6.0
Fighting       | |  4.3
Crossbows      | |  1.2
Armour         | |  1.5
Shields        | |  1.0

Action                   |  1- 3 |  4- 6 |  7- 9 | 10-12 || total
-------------------------+-------+-------+-------+-------++-------
Melee: Dagger            |   120 |   308 |   379 |       ||   807
       Short sword       |       |       |   200 |   172 ||   372
       Quarterstaff      |       |       |       |   156 ||   156
Invok: Line Pass         |       |       |    11 |     3 ||    14
       Stomp             |       |       |     5 |       ||     5
Evoke: Wand              |       |     1 |     3 |       ||     4
  Use: Potion            |       |     6 |     2 |     2 ||    10
       Scroll            |       |       |    13 |     4 ||    17
 Stab: Sleeping          |     4 |     4 |     5 |    14 ||    27
       Confused          |       |       |     7 |     2 ||     9
       Paralysed         |       |       |     2 |    10 ||    12
       Invisible         |       |       |     3 |       ||     3
       Distracted        |       |       |     1 |     2 ||     3
  Eat: Chunk             |     1 |     9 |    32 |    22 ||    64
       Beef jerky        |       |     1 |     1 |       ||     2
Armor: Robe              |    38 |    41 |    52 |    25 ||   156
Dodge: Dodged            |   101 |   149 |   259 |   208 ||   717
